 Dungeon Crawl Stone Soup version 0.31.0-12-g77e489cdc1 (webtiles) character file.

Game seed: 12663517946031021786

5308 Doomgape the Fighter (level 10, -7/61 HPs)
             Began as a Gargoyle Fighter on Feb 24, 2024.
             Was a Believer of Hepliaklqana.
             Mangled by an orc warlord
             ... wielding a +8 broad axe
              (24 damage)
             ... in a bailey.
             The game lasted 00:26:57 (7749 turns).

Doomgape the Fighter (Gargoyle Fighter)             Turns: 7749, Time: 00:26:57

Health: -7/61      AC: 23    Str: 23    XL:     10   Next: 64%
Magic:  10/10      EV:  7    Int: 10    God:    Hepliaklqana [**....]
Gold:   581        SH:  4    Dex:  9    Spells: 9/9 levels left

rFire   + . .        n - +0 morningstar
rCold   + . .        c - +0 buckler
rNeg    + + .        u - +0 plate armour
rPois   ∞            k - -2 hat of the Alchemist {rElec rPois rF+ rC+ rN+ Will+ rMut rCorr}
rElec   +            (no cloak)
rCorr   +            (no gloves)
SInv    .            (no boots)
Will    ++...        (no amulet) Stlth
                     p - +4 ring of protection
HPRegen 0.30/turn    h - ring of willpower
MPRegen 0.12/turn

%: resist mutation
@: no status effects
A: reduced essence, sickness immunity, AC +7, negative energy resistance 1,
electricity resistance, torment resistance 1, petrification resistance
a: Renounce Religion, Recall Ancestor, Ancestor Identity


You were in a bailey.
You worshipped Hepliaklqana.
Hepliaklqana was pleased with you.
You visited 2 branches of the dungeon, and saw 10 of its levels.
You also visited: Bailey.

You collected 605 gold pieces.
You spent 24 gold pieces at shops.

Inventory:

Hand Weapons
 n - a +0 morningstar (weapon)
 y - a +0 broad axe
Missiles
 f - 10 javelins (quivered)
 j - 2 throwing nets
Armour
 c - a +0 buckler (worn)
 k - the -2 hat of the Alchemist (worn) {rElec rPois rF+ rC+ rN+ Will+ rMut rCorr}
   (You acquired it in a bailey)

   rF+:       It protects you from fire.
   rC+:       It protects you from cold.
   rElec:     It insulates you from electricity.
   rPois:     It protects you from poison rN+: It protects you from negative
   energy.
   Will+:     It increases your willpower.
   rCorr:     It protects you from acid and corrosion.
   rMut:      It protects you from mutation.
 u - a +0 plate armour (worn)
Jewellery
 h - a ring of willpower (right hand)
 p - a +4 ring of protection (left hand)
Wands
 l - a wand of digging (7)
Scrolls
 e - a scroll of identify
 g - 2 scrolls of amnesia
 q - 6 scrolls of teleportation
 r - 3 scrolls of silence
 w - a scroll of immolation
 x - 2 scrolls of enchant weapon
 A - a scroll of fog
Potions
 b - a potion of magic
 m - 2 potions of curing
 o - a potion of mutation
 s - 2 potions of berserk rage
 t - 2 potions of invisibility
 v - 2 potions of haste {unknown}
 z - a potion of might


   Skills:
 - Level 10.4 Fighting
 + Level 9.2 Maces & Flails
 - Level 10.3 Armour
 - Level 3.2 Shields
 + Level 0.6 Evocations


You had 9 spell levels left.
You didn't know any spells.
Your spell library contained the following spells:

 Spells                   Type           Power      Damage    Failure   Level
 Magic Dart               Conj           0%         1d3       99%         1
 Shock                    Conj/Air       0%         1d3       99%         1
 Blink                    Tloc           0%         N/A       100%        2
 Call Imp                 Summ           0%         N/A       100%        2
 Static Discharge         Conj/Air       0%         3-3/arc   100%        2
 Dazzling Flash           Conj/Hex       0%         N/A       100%        3
 Mephitic Cloud           Conj/Alch/Air  0%         N/A       100%        3
 Swiftness                Air            0%         N/A       100%        3
 Airstrike                Air            0%         2d(0-16)  100%        4
 Summon Lightning Spire   Summ/Air       0%         N/A       100%        4
 Curse of Agony           Necr           0%         N/A       100%        5
 Silence                  Hex/Air        0%         N/A       100%        5


Dungeon Overview and Level Annotations

Branches:
Dungeon (9/15)             Temple (1/1) D:4          Bailey (1/1)
   Lair: D:8-11         Orc: D:9-12

Altars:
Ashenzari
Cheibriados
Dithmenos
Elyvilon
Fedhas
Gozag
Hepliaklqana
Kikubaaqudgha
Makhleb
Nemelex Xobeh
Okawaru
Qazlal
Ru
Sif Muna
Trog
Uskayaw
Vehumet
Wu Jian
Xom
Yredelemnul
Zin
The Shining One

Shops:
D:1 (   D:4 *[=*[   D:5 *


Innate Abilities, Weirdness & Mutations

Your life essence is reduced to manifest your ancestor. (-10% HP)
You are immune to sickness and miasma.
Your stone body is resilient. (AC +7)
You are immune to poison.
You resist negative energy. (rN+)
You are resistant to electric shocks. (rElec)
You are resistant to unholy torment.
You are immune to petrification.


Message History

Booka emerges from the mists of memory!
Booka casts a spell at the orc warlord.
The puff of frost hits the orc warlord!
Booka casts a spell at the orc warlord.
The puff of frost hits the orc warlord!
You barely miss the orc warlord.
The orc warlord is heavily wounded.
The orc warlord hits you with a +8 broad axe!
Booka casts a spell at the orc warlord.
The puff of frost hits the orc warlord.
You hit the orc warlord but do no damage.
The orc warlord is severely wounded.
You block the orc warlord's attack.
The orc warlord hits you with a +8 broad axe!
You hit the orc warlord.
The orc warlord is severely wounded.
The orc warlord hits you with a +8 broad axe!
The orc warlord hits Booka with a +8 broad axe!!
You hit the orc warlord but do no damage.
The orc warlord is severely wounded.
Booka barely misses the orc warlord.
The orc warlord hits you but does no damage.
The orc warlord closely misses Booka.
You bludgeon the orc warlord!!
The orc warlord is severely wounded.
Booka hits the orc warlord with a +0 quarterstaff.
The orc warlord closely misses Booka.
The orc warlord hits you but does no damage.
You hit the orc warlord but do no damage.
The orc warlord is almost dead.
Booka gestures at the orc warlord while chanting.
The stone arrow hits the orc warlord!
The orc warlord hits Booka with a +8 broad axe!!
Booka is destroyed!
The orc warlord hits you with a +8 broad axe!
* * * LOW HITPOINT WARNING * * *
You hit the orc warlord but do no damage.
The orc warlord is almost dead.
The orc warlord hits you with a +8 broad axe!!
You die...

...##~8.8...8.8##..(.#.....♣♣
...+~~.........#.....'......♣
...+~~....∩....#..(..'...∩.∩♣
.).+~~.........#.....(......♣
)).##~8.8...8.8##....#.....♣♣
.)..#~........!~#....##....♣
....#~~#~....."~#.....##...♣
....####~~~#~~~##o.....##≈≈♣
8......#########@.......#≈≈♣
.......'.....'..)(8..8..#≈≈♣
.......#~~~~~#..........#
8..8...#~~~~~#.........##
......##~)~~~##...8...##
.....##.......##.....##
#.).##.........##...##
#####♣♣♣.....♣♣♣##### ♣♣♣∩♣♣♣


You could see an orc warlord.

Vanquished Creatures
  Jeremiah (D:6)
  Grinder (D:3)
  Sigmund (D:2)
  4 yaks
  A steam dragon (D:8)
  An acid dragon (D:9)
  A black bear (D:7)
  3 orc warriors
  3 ice beasts
  A sky beast (D:8)
  An ogre (D:5)
  A centaur (D:6)
  2 bullfrogs
  A kobold brigand (D:6)
  3 wights (D:9)
  3 killer bees
  A howler monkey (D:6)
  3 hounds
  A gnoll bouda (D:5)
  2 orc priests
  An iguana (D:6)
  3 sleepcaps
  2 orc wizards (D:5)
  8 gnolls
  3 adders
  2 ufetubi (D:5)
  5 dart slugs
  2 ribbon worms
  19 orcs
  4 ball pythons
  2 bats
  3 endoplasms
  2 giant cockroaches (D:1)
  8 goblins
  8 hobgoblins
  10 jackals
  3 quokkas
  3 frilled lizards
  12 kobolds
  6 rats
141 creatures vanquished.

Vanquished Creatures (collateral kills)
  Prince Ribbit (D:6)
  5 yaks (D:9)
  2 wyverns (D:9)
  A steam dragon (D:8)
  2 orc warriors
  2 wights (D:9)
  3 killer bees (D:9)
  A gnoll bouda (D:9)
  An orc priest (D:8)
  A sleepcap (D:7)
  2 gnolls
  A shadow imp (D:8)
  13 orcs
  4 goblins
  3 hobgoblins
  8 kobolds
50 creatures vanquished.

Vanquished Creatures (others)
  An ancestor (D:7)
  4 battlemagi
5 creatures vanquished.

Grand Total: 196 creatures vanquished

Notes
Turn   | Place    | Note
-------+----------+-------------------------------------------
     0 | D:1      | Doomgape the Gargoyle Fighter began the quest for the Orb.
     0 | D:1      | Reached XP level 1. HP: 14/14 MP: 1/1
   108 | D:1      | Reached XP level 2. HP: 15/19 MP: 2/2
   372 | D:1      | Reached XP level 3. HP: 24/24 MP: 3/3
   445 | D:1      | Found Qepuff's Antique Weapon Boutique.
   729 | D:2      | Noticed Sigmund
   745 | D:2      | Killed Sigmund
   746 | D:2      | Reached XP level 4. HP: 13/30 MP: 4/4
   746 | D:2      | Reached XP level 5. HP: 15/34 MP: 5/5
  1669 | D:3      | Found an ancient bone altar of Kikubaaqudgha.
  1669 | D:3      | Found a bloodstained altar of Trog.
  1702 | D:3      | Reached XP level 6. HP: 40/40 MP: 6/6
  1754 | D:3      | Reached skill level 5 in Fighting
  1773 | D:3      | Noticed Grinder
  1776 | D:3      | Paralysed by Grinder for 2 turns
  1783 | D:3      | Paralysed by Grinder for 2 turns
  1790 | D:3      | Paralysed by Grinder for 3 turns
  1802 | D:3      | Paralysed by Grinder for 2 turns
  1834 | D:3      | Killed Grinder
  1835 | D:3      | Reached skill level 5 in Armour
  2074 | D:3      | Reached XP level 7. HP: 44/44 MP: 7/7
  2267 | D:3      | Found a faded altar of an unknown god.
  2508 | D:4      | Found Nuha's General Store.
  2568 | D:4      | Found Jugop's Armour Emporium.
  2725 | D:4      | Found Mef Noug's Antique Armour Shop.
  2776 | D:4      | Found Oxungiss's Jewellery Shoppe.
  2777 | D:4      | Found Cosinukk's General Store.
  3078 | D:4      | Found a staircase to the Ecumenical Temple.
  3084 | Temple   | Entered the Ecumenical Temple
  3092 | Temple   | Became a worshipper of Hepliaklqana the Forgotten
  3159 | D:5      | Entered Level 5 of the Dungeon
  3578 | D:5      | Found Ysoeheci's CLEARANCE SALE!.
  3588 | D:5      | Bought a +0 morningstar for 24 gold pieces
  3592 | D:5      | Reached skill level 5 in Maces & Flails
  3787 | D:5      | Reached XP level 8. HP: 17/52 MP: 8/8
  3792 | D:5      | HP: 2/52 [gnoll/+0 halberd[a gnoll bouda] (8)]
  4462 | D:6      | Noticed Jeremiah
  4608 | D:6      | Reached * piety under Hepliaklqana
  4663 | D:6      | Killed Jeremiah
  4694 | D:6      | Noticed Prince Ribbit
  4734 | D:6      | Killed Prince Ribbit
  5170 | D:6      | Reached XP level 9. HP: 53/53 MP: 9/9
  6376 | D:8      | Reached ** piety under Hepliaklqana
  6401 | D:8      | Remembered your ancestor Booka as a battlemage
  6464 | D:8      | Found a shadowy altar of Dithmenos.
  6465 | D:8      | Found a hide-covered altar of Uskayaw.
  7175 | D:9      | Reached XP level 10. HP: 21/59 MP: 10/10
  7208 | D:9      | Reached skill level 10 in Fighting
  7211 | D:9      | Reached skill level 10 in Armour
  7415 | D:9      | Found a flagged portal.
  7428 | Bailey   | Entered a bailey
  7461 | Bailey   | Noticed an orc warlord
  7579 | Bailey   | Found a runed translucent gate.
  7581 | Bailey   | Identified a scroll of acquirement
  7581 | Bailey   | Acquired the -2 hat of the Alchemist {rElec rPois rF+ rC+
                  | rN+ Will+ rMut rCorr}
  7581 | Bailey   | Found the -2 hat of the Alchemist {rElec rPois rF+ rC+ rN+
                  | Will+ rMut rCorr}
  7596 | Bailey   | Found a runed translucent gate.
  7597 | Bailey   | Found a runed translucent gate.
  7749 | Bailey   | Mangled by an orc warlord

Illustrated notes

Levels and vault maps discovered:
D:1:      minmay_arrival_open_corners, layout_basic, serial_shops, shop
D:2:      layout_basic, nicolae_wormholes, uniq_sigmund
D:3:      layout_loops_ring, mainiacjoe_overflow_divided_tiny,
          shapermc_ecumenical_altar_notcrosses, uniq_grinder
D:4:      layout_basic, minmay_temple_entry_fiery, serial_shops, shop, shop,
          shop, nicolae_stop_n_shop_1, shop, serial_corexii_hall,
          corexii_hall_statues_t, chequers_hall_statues_corner_a
D:5:      minmay_bubble_buster, layout_loops_corners,
          nicolae_kite_square_tiling_tiny, nicolae_shop_clearance
D:6:      layout_basic, minmay_fountain_box, uniq_prince_ribbit1, uniq_jeremiah
D:7:      nicolae_cairo_tiling_large, layout_rooms, hex_large,
          serial_library_hellmonk_junction, hellmonk_no_cap
D:8:      layout_loops_cross, nicolae_overflow_hidden_temple
D:9:      layout_rooms, dpeg_lair_monsters, enter_bailey_4,
          kennysheep_generic_room_6
Temple:   nicolae_temple_no_exploring_needed
Bailey:   bailey_axe_bossmonster_kennysheep, bailey

Skill      XL: |  1  2  3  4  5  6  7  8  9 10 |
---------------+-------------------------------+-----
Fighting       | 4 5 6 7 9 10 | 10.4
Maces & Flails | 3 4 5 6 8 9 |  9.2
Armour         | 4 5 6 7 9 10 | 10.3
Shields        | |  3.2
Evocations     | |  0.6

Action                     |  1- 3 |  4- 6 |  7- 9 | 10-12 || total
---------------------------+-------+-------+-------+-------++-------
  Melee: Flail             |    87 |    96 |    85 |       ||   268
         Morningstar       |       |       |   247 |    96 ||   343
 Invoke: Ancestor Identity |       |       |     1 |       ||     1
         Ancestor Life: Ba |       |       |     1 |       ||     1
    Use: Scroll            |     1 |     5 |    12 |     4 ||    22
         Potion            |     1 |     1 |     4 |     2 ||     8
   Stab: Distracted        |       |       |       |     1 ||     1
 Armour: Scale mail        |    69 |    62 |   155 |       ||   286
         Chain mail        |       |       |    70 |       ||    70
         Plate armour      |       |       |   159 |   118 ||   277
  Dodge: Dodged            |    61 |    50 |   174 |    51 ||   336
  Block: Buckler           |    22 |    16 |    85 |    18 ||   141
